 Dungeon Crawl Stone Soup version 0.29-a0-1030-gf5f8719cae (webtiles) character file.

Game seed: 6042046827935074130

79 1stPlace the Poker (level 4, -5/41 HPs)
             Began as a Minotaur Berserker on Aug 14, 2022.
             Was a Believer of Trog.
             Slain by a gnoll
             ... wielding a +0 flail
              (10 damage)
             ... on level 2 of the Dungeon.
             The game lasted 00:01:41 (1181 turns).

1stPlace the Poker (Minotaur Berserker)             Turns: 1181, Time: 00:01:42

Health: -5/41      AC:  5    Str: 24    XL:     4   Next: 16%
Magic:  3/3        EV: 11    Int: 10    God:    Trog [**....]
Gold:   112        SH:  0    Dex:  9    Spells: 3/3 levels left

rFire   . . .      SeeInvis .   a - +0 spear
rCold   . . .      Faith    .   (no shield)
rNeg    . . .      Spirit   .   f - +0 ring mail
rPois   .          Reflect  .   (helmet restricted)
rElec   .          Harm     .   (no cloak)
rCorr   .          Rampage  .   (no gloves)
Will    ++...                   (no boots)
Stlth   ..........              (no amulet)
HPRegen 1.13/turn               c - +6 ring of intelligence
MPRegen 0.08/turn               (no ring)

@: strong-willed, on berserk cooldown, regenerating, slowed, very slow
A: horns 2, retaliatory headbutt
a: Renounce Religion, Berserk, Trog's Hand


You were on level 2 of the Dungeon.
You worshipped Trog.
Trog was pleased with you.
You visited 1 branch of the dungeon, and saw 2 of its levels.

You collected 112 gold pieces.

Inventory:

Hand Weapons
 a - a +0 spear (weapon)
Armour
 f - a +0 ring mail (worn)
Jewellery
 c - a +6 ring of intelligence (left hand)
Scrolls
 d - 3 scrolls of fog {unknown}
 g - a scroll of acquirement {unknown}
Potions
 b - a potion of lignification {unknown}
 e - a potion of brilliance {unknown}
 h - a potion of attraction {unknown}
 i - a potion of curing {unknown}


   Skills:
 + Level 4.3 Fighting
 + Level 4.4 Polearms
 + Level 3.3 Armour
 + Level 3.1 Dodging


You had 3 spell levels left.
You didn't know any spells.
Your spell library was empty.

Dungeon Overview and Level Annotations

Branches:
Dungeon (2/15)

Altars:

Shops:
D:2 *


Innate Abilities, Weirdness & Mutations

You have a pair of horns on your head.
You reflexively headbutt those who attack you in melee.


Message History

The gnoll is severely wounded.
The gnoll hits you from afar with a +0 spear.
You reach to attack!
You closely miss the gnoll.
The gnoll is severely wounded.
Unknown command.
You reach to attack!
You barely miss the gnoll.
The gnoll is severely wounded.
The gnoll hits you from afar with a +0 spear.
You reach to attack!
You barely miss the gnoll.
The gnoll is severely wounded.
You reach to attack!
You puncture the gnoll!
You kill the gnoll!
Trog accepts your kill.
No target in view!
A gnoll comes into view. It is wielding a +0 flail.
The gnoll shouts!
A gnoll comes into view. It is wielding a +0 spear.
Found 8 gold pieces and a scroll labelled UNOUXZ COPSA.
You feel a strong urge to attack something.
The gnoll shouts!
Things that are here:
a +0 spear; a +0 spear; a gnoll corpse You feel your anger nearly subside.
You are no longer berserk.
You are exhausted.
You feel yourself slow down.
Okay, then.
Your skin crawls.
You feel strong-willed. The gnoll hits you with a +0 flail.
You closely miss the gnoll. The gnoll hits you with a +0 flail!
The gnoll hits you from afar with a +0 spear.
* * * LOW HITPOINT WARNING * * *
You are too injured to fight recklessly!
You are too injured to fight recklessly!
You hit the gnoll but do no damage. You headbutt the gnoll.
The gnoll is moderately wounded.
The gnoll hits you with a +0 flail.
* * * LOW HITPOINT WARNING * * *
The gnoll closely misses you. The gnoll hits you with a +0 flail!
You die...

####....######.....
##.#.# #.#.#. ###.#
#.#... #.# #.###.
######.# #.# #.
#......# #.###. ###
#.###### #.....
.... #.# #####.
..... #@# #.
#..g..####g# #
#....g.).g.# #.
#.#...###### #. #.$
## ... #?# # ..


You could see 2 gnolls.

Vanquished Creatures
  3 gnolls
  3 dart slugs
  6 ball pythons
  5 bats
  4 endoplasms (D:1)
  2 giant cockroaches (D:1)
  2 goblins (D:1)
  6 hobgoblins (D:1)
  6 kobolds
  A quokka (D:1)
  A frilled lizard (D:2)
  A rat (D:1)
40 creatures vanquished.

Vanquished Creatures (others)
  7 toadstools (D:1)
7 creatures vanquished.

Grand Total: 47 creatures vanquished

Notes
Turn   | Place    | Note
-------+----------+-------------------------------------------
     0 | D:1      | 1stPlace the Minotaur Berserker began the quest for the
                  | Orb.
     0 | D:1      | Reached XP level 1. HP: 19/19 MP: 0/0
   159 | D:1      | Reached XP level 2. HP: 23/27 MP: 1/1
   351 | D:1      | Reached XP level 3. HP: 25/33 MP: 2/2
   666 | D:1      | Reached ** piety under Trog
   986 | D:2      | Found Jill's Assorted Antiques.
  1166 | D:2      | Reached XP level 4. HP: 41/41 MP: 3/3
  1181 | D:2      | Slain by a gnoll

Illustrated notes

Levels and vault maps discovered:
D:1:      nagdon_arrival_double_spiral, layout_loops_cross,
          roderic_serpentine_path
D:2:      layout_loops_corners, nicolae_ecumenical_oubliette, serial_shops,
          nicolae_shop_behind_doors, minmay_vboxes

Skill      XL: |  1  2  3 |
---------------+----------+-----
Fighting       | 4 |  4.3
Polearms       | 4 |  4.4
Armour         | 3 |  3.3
Dodging        | 3 |  3.1

Action                   |  1- 3 |  4- 6 || total
-------------------------+-------+-------++-------
Melee: Spear             |   115 |     7 ||   122
       Headbutt          |    12 |     1 ||    13
Invok: Berserk           |     2 |       ||     2
       Trog's Hand       |       |     1 ||     1
 Stab: Sleeping          |     2 |       ||     2
Armor: Animal skin       |     2 |       ||     2
       Ring mail         |    23 |       ||    23
Dodge: Dodged            |    44 |     1 ||    45

Table legend: (Time is in decaauts)
 A = Elapsed time spent in this place.
 B = Non-inter-level travel time spent in this place.
 C = Inter-level travel time spent in this place.
 D = Time resting spent in this place.
 E = Time spent auto-exploring this place.
 F = Levels seen in this place.
 G = Mean time per level.
                   A        B        C        D        E       F      G
               +--------+--------+--------+--------+--------+-----+--------+
         Total |   1181 |   1179 |      2 |      0 |    944 |   2 |  590.5 |
       Dungeon |   1181 |   1179 |      2 |      0 |    944 |   2 |  590.5 |
               +--------+--------+--------+--------+--------+-----+--------+

Top non-repeatable levels by time:
     D:1: 945 daAuts
     D:2: 235 daAuts
